 Dungeon Crawl Stone Soup version 0.28-a0-1510-gd0f6b136d3 (webtiles) character file.

Game seed: 2448250010369319254

137 derath95 the Skirmisher (level 5, -1/41 HPs)
             Began as a Demonspawn Fighter on Jan 14, 2022.
             Was a Believer of Dithmenos.
             Killed by divine providence
             ... invoked by an orc priest
              (10 damage)
             ... on level 3 of the Dungeon.
             The game lasted 00:09:54 (2302 turns).

derath95 the Skirmisher (Demonspawn Fighter)        Turns: 2302, Time: 00:09:55

Health: -1/41      AC:  6    Str: 16 (18) XL:     5   Next: 0%
Magic:  6/6        EV:  8    Int:  9      God:    Dithmenos [**....]
Gold:   113        SH:  4    Dex: 13      Spells: 6/6 levels left

rFire   . . .      SeeInvis .   a - +0 war axe
rCold   . . .      Faith    .   c - +0 buckler
rNeg    . . .      Spirit   .   b - +0 scale mail
rPois   .          Reflect  .   (helmet restricted)
rElec   .          Harm     .   (no cloak)
rCorr   .          Rampage  .   (no gloves)
Will    .....                   (no boots)
Stlth   ..........              (no amulet)
HPRegen 0.13/turn               (no ring)
MPRegen 0.20/turn               (no ring)

@: wreathed by umbra
A: antennae 1, powered by death 1, magic regeneration
a: Renounce Religion, Shadow Step


You were on level 3 of the Dungeon.
You worshipped Dithmenos.
Dithmenos was pleased with you.
You visited 1 branch of the dungeon, and saw 3 of its levels.

You collected 113 gold pieces.

Inventory:

Hand Weapons
 a - a +0 war axe (weapon)
Armour
 b - a +0 scale mail (worn)
 c - a +0 buckler (worn)
Scrolls
 e - a scroll of identify
 g - a scroll of teleportation
 h - a scroll of amnesia
Potions
 d - a potion of might
 i - a potion of curing
 j - a potion of heal wounds


   Skills:
 + Level 3.6 Fighting
 + Level 2.5(2.7) Axes
 + Level 1.0(1.9) Maces & Flails
 + Level 3.2 Armour
 + Level 3.2 Shields
 + Level 1.0 Spellcasting
 + Level 1.3 Invocations


You had 6 spell levels left.
You didn't know any spells.
Your spell library was empty.

Dungeon Overview and Level Annotations

Branches:
Dungeon (3/15)

Altars:
Dithmenos
Xom


Innate Abilities, Weirdness & Mutations

You have a pair of small antennae on your head.
You regenerate a little health from kills.
You regenerate magic rapidly.


Message History

You completely miss the orc. The orc hits you with a +0 whip.
The orc hits you but does no damage.
You closely miss the orc. You block the orc's attack.
You hit the orc.
The orc is heavily wounded.
The orc barely misses you.
The orc priest casts a cantrip, but nothing happens.
You hit the orc but do no damage. The orc barely misses you.
You hit the orc.
The orc is severely wounded.
The orc hits you with a +0 club.
You slash the orc!
You kill the orc!
Dithmenos accepts your kill.
You slash the orc!
You kill the orc!
Dithmenos accepts your kill.
Your Maces & Flails skill increases to level 1!
You have reached level 5!
You hit the orc priest.
The orc priest is lightly wounded.
The orc priest hits you but does no damage.
You hit the orc priest.
The orc priest is moderately wounded.
The orc priest closely misses you.
You hit the orc priest.
The orc priest is heavily wounded.
The orc priest invokes the aid of Beogh against you.
Beogh smites you!
* * * LOW HITPOINT WARNING * * *
The orc priest hits you but does no damage.
You closely miss the orc priest.
The orc priest is heavily wounded.
You block the orc priest's attack.
You closely miss the orc priest.
The orc priest is heavily wounded.
You block the orc priest's attack.
The orc priest invokes the aid of Beogh against you.
Beogh smites you!
You die...

...# ... ... #..
#.# #.# #+# #o#
#.# #@# #.# #.#
######.#### #.#
....#...#.######.#
###......#.......#
###.#...#.########
.............#
###.##.#####.#
###.##.#.....##


You could see an orc priest.

Vanquished Creatures
  2 orc priests (D:3)
  3 adders (D:2)
  A worm (D:2)
  5 orcs (D:3)
  4 ball pythons
  3 endoplasms
  3 giant cockroaches
  4 goblins
  4 hobgoblins
  4 kobolds (D:1)
  4 quokkas
  4 bats
  A frilled lizard (D:1)
  3 rats (D:2)
45 creatures vanquished.

Vanquished Creatures (others)
  A withered plant (D:1)
1 creature vanquished.

Grand Total: 46 creatures vanquished

Notes
Turn   | Place    | Note
-------+----------+-------------------------------------------
     0 | D:1      | derath95 the Demonspawn Fighter began the quest for the
                  | Orb.
     0 | D:1      | Reached XP level 1. HP: 18/18 MP: 1/1
   334 | D:1      | Found a faded altar of an unknown god.
   404 | D:1      | Prayed at the altar of an unknown god.
   404 | D:1      | Became a worshipper of Dithmenos the Shadowed
   404 | D:1      | Reached * piety under Dithmenos
   504 | D:1      | Gained mutation: You regenerate a little health from kills.
                  | [demonic ancestry]
   504 | D:1      | Reached XP level 2. HP: 24/24 MP: 2/2
   955 | D:2      | Found a shimmering altar of Xom.
  1220 | D:2      | Gained mutation: You have a pair of small antennae on your
                  | head. [demonic ancestry]
  1220 | D:2      | Reached XP level 3. HP: 13/29 MP: 3/3
  2182 | D:3      | Gained mutation: You regenerate magic rapidly. [demonic
                  | ancestry]
  2182 | D:3      | Reached XP level 4. HP: 35/35 MP: 4/4
  2212 | D:3      | Reached ** piety under Dithmenos
  2215 | D:3      | Reached skill level 1 in Invocations
  2289 | D:3      | Reached skill level 1 in Spellcasting
  2298 | D:3      | Reached skill level 1 in Maces & Flails
  2298 | D:3      | Reached XP level 5. HP: 18/41 MP: 6/6
  2302 | D:3      | Killed from afar by an orc priest

Illustrated notes

Levels and vault maps discovered:
D:1:      lightli_arrival_boilingwater, layout_basic,
          ebering_ecumenical_altar_petrified
D:2:      layout_loops_corners, basic_altar
D:3:      layout_loops_corners, hangedman_decor_growths, uniq_terence

Skill      XL: |  1  2  3  4 |
---------------+-------------+-----
Axes           | 2 |  2.5
Armour         | 3 |  3.2
Shields        | 3 |  3.2
Invocations    | 1 |  1.3
Spellcasting   | 1 |  1.0
Maces & Flails | 1 |  1.0
Fighting       | |  3.6

Action                   |  1- 3 |  4- 6 || total
-------------------------+-------+-------++-------
Melee: War axe           |    97 |    25 ||   122
  Use: Potion            |     4 |       ||     4
       Scroll            |       |     4 ||     4
Armor: Scale mail        |    35 |     6 ||    41
Dodge: Dodged            |    54 |     9 ||    63
Block: Buckler           |    25 |     5 ||    30

Table legend: (Time is in decaauts)
 A = Elapsed time spent in this place.
 B = Non-inter-level travel time spent in this place.
 C = Inter-level travel time spent in this place.
 D = Time resting spent in this place.
 E = Time spent auto-exploring this place.
 F = Levels seen in this place.
 G = Mean time per level.
                   A        B        C        D        E       F      G
               +--------+--------+--------+--------+--------+-----+--------+
         Total |   2360 |   2360 |      0 |      0 |   1935 |   3 |  786.7 |
       Dungeon |   2360 |   2360 |      0 |      0 |   1935 |   3 |  786.7 |
               +--------+--------+--------+--------+--------+-----+--------+

Top non-repeatable levels by time:
     D:2: 1322 daAuts
     D:1: 903 daAuts
     D:3: 135 daAuts
